 Dungeon Crawl Stone Soup version 0.30-a0-373-gd37427bb62 (webtiles) character file.

Game seed: 3668572450743950862

4 Raultor the Insei (level 1, -1/13 HPs)
             Began as an Octopode Transmuter on Nov 23, 2022.
             Slain by a hobgoblin (4 damage)
             ... on level 1 of the Dungeon.
             The game lasted 00:00:15 (60 turns).

Raultor the Insei (Octopode Transmuter)               Turns: 60, Time: 00:00:15

Health: -1/13      AC:  1    Str:  9    XL:     1   Next: 60%
Magic:  2/3        EV: 13    Int: 15    God:
Gold:   11         SH:  0    Dex: 12    Spells: 3/4 levels left

rFire   . . .      SeeInvis .      - Unarmed
rCold   . . .      Faith    .    (no shield)
rNeg    . . .      Spirit   .    (helmet currently unavailable)
rPois   .          Reflect  .    (no amulet)
rElec   .          Harm     .    (no ring)
rCorr   .          Rampage  .    (no ring)
Will    .....                    (no ring)
Stlth   ++........               (no ring)
HPRegen 0.22/turn                (no ring)
MPRegen 0.08/turn                (no ring)
                                 (no ring)
                                 (no ring)

@: appendages (expiring)
A: tentacle spike 3, almost no armour, amphibious, 8 rings, camouflage 1,
gelatinous body 1, (nimble swimmer 1), tentacles
a: End Transformation


You were on level 1 of the Dungeon.
One of your tentacles had grown a beastly spike.
You visited 1 branch of the dungeon, and saw 1 of its levels.

You collected 11 gold pieces.


Innate Abilities, Weirdness & Mutations

One of your tentacles has grown a beastly spike.
You cannot wear most types of armour.
You are amphibious.
You can wear up to eight rings at the same time.
Your skin changes colour to match your surroundings (Stealth+).
Your rubbery body absorbs attacks. (AC +1, EV +1)
((You are camouflaged when in or above water. (Stealth+)))
You have tentacles for arms and can constrict up to eight enemies at once.


   Skills:
 - Level 1.0 Fighting
 - Level 2.0 Dodging
 - Level 3.0 Unarmed Combat
 - Level 2.0 Spellcasting
 + Level 2.4 Transmutations


You had 3 spell levels left.
You knew the following spells:

 Your Spells              Type           Power      Damage    Failure   Level
b - Beastly Appendage     Tmut           16%        N/A       9%          1

Your spell library contained the following spells:

 Spells                   Type           Power      Damage    Failure   Level
 Wereblood                Tmut           8%         N/A       13%         2
 Spider Form              Tmut/Pois      5%         N/A       38%         3
 Ice Form                 Ice/Tmut       5%         N/A       80%         4

Inventory:

Potions
 a - a potion of lignification
 b - a potion of brilliance {unknown}

Dungeon Overview and Level Annotations

Branches:
Dungeon (1/15)

Altars:

..# ########## #... ..
.#......... #.#.# #
.....#......... ......##
.....#......<.. #.#.#.#.#
#.#..#......... ........#
#....#......... #.#.#.#.#
#....######.▒.#
..g.....#####......# #...#
#.#.#.#.wg@........####.▒.#
......#####......... #...#
.#.#.# #......... #.▒.#
.:..$ #......### #...#
#w#.# #......# #.▒.# ....
.####......# #...# .#
#...........# #.>.#
.#######.#### #...# #.#
#..##


You could see a dart slug and a hobgoblin.


Message History

You tentacle-slap the hobgoblin but do no damage.
Your grab misses the hobgoblin.
You pierce the hobgoblin.
The hobgoblin is severely wounded.
Your transformation is almost over.
The hobgoblin closely misses you.
The quokka twitches its whiskers.
You closely miss the hobgoblin. You grab the hobgoblin.
You squeeze the hobgoblin.
You kill the hobgoblin!
You tentacle-slap the quokka. Your grab misses the quokka.
Your tentacle spike misses the quokka.
Your squeeze misses the quokka.
The quokka is heavily wounded.
The quokka barely misses you.
You closely miss the quokka. Your grab misses the quokka.
You pierce the quokka.
The quokka is severely wounded.
The quokka bites you.
* * * LOW HITPOINT WARNING * * *
You closely miss the quokka. Your grab misses the quokka.
Your tentacle spike misses the quokka.
The quokka is severely wounded.
The quokka misses you.
You tentacle-slap the quokka.
You kill the quokka!
You tentacle-slap the hobgoblin. You grab the hobgoblin.
You pierce the hobgoblin, but do no damage.
The hobgoblin is almost dead.
You constrict the hobgoblin, but do no damage.
The hobgoblin hits you.
You die...

Action                   || total
-------------------------++-------
Melee: Unarmed           ||    10
       Kick              ||     4
       Constrict         ||     3
       Tentacles         ||     1
 Cast: Beastly Appendage ||     1
Dodge: Dodged            ||     5

Levels and vault maps discovered:
D:1:      lemuel_arrival_hallway, layout_loops_ring,
          shapermc_ecumenical_altar_mp_ritualfount, st_stairs_11,
          amethyst_killhole

Notes
Turn   | Place    | Note
-------+----------+-------------------------------------------
     0 | D:1      | Raultor the Octopode Transmuter began the quest for the
                  | Orb.
     0 | D:1      | Reached XP level 1. HP: 13/13 MP: 3/3
    60 | D:1      | Slain by a hobgoblin

Vanquished Creatures
  2 hobgoblins (D:1)
  A quokka (D:1)
3 creatures vanquished.

Table legend: (Time is in decaauts)
 A = Elapsed time spent in this place.
 B = Non-inter-level travel time spent in this place.
 C = Inter-level travel time spent in this place.
 D = Time resting spent in this place.
 E = Time spent auto-exploring this place.
 F = Levels seen in this place.
 G = Mean time per level.
                   A        B        C        D        E       F      G
               +--------+--------+--------+--------+--------+-----+--------+
         Total |     59 |     59 |      0 |      0 |     40 |   1 |   59.0 |
       Dungeon |     59 |     59 |      0 |      0 |     40 |   1 |   59.0 |
               +--------+--------+--------+--------+--------+-----+--------+

Top non-repeatable levels by time:
     D:1: 59 daAuts

Table legend:
 A = Non-vault XP
 B = Vault XP
 C = Vault XP percentage of total XP
 D = Non-vault monster count
 E = Vault monster count
 F = Vault count percentage of total count
                 A         B        C        D         E       F
            +---------+---------+-------+---------+---------+-------
      Total |       4 |       2 |  33.3 |       2 |       1 |  33.3
            +---------+---------+-------+---------+---------+-------
        D:1 |       4 |       2 |  33.3 |       2 |       1 |  33.3
            +---------+---------+-------+---------+---------+-------
